 Dungeon Crawl Stone Soup version 0.25-a0-516-g7d600cd (webtiles) character file.

Game seed: 12695319226296285541, levelgen mode: deterministic

1955 15 the Ducker (level 9, 0/66 HPs)
             Began as a Merfolk Transmuter on Feb 16, 2020.
             Was a Follower of Makhleb.
             Slain by an ogre
             ... wielding a +0 giant spiked club
              (5 damage)
             ... on level 7 of the Dungeon.
             The game lasted 00:25:53 (7492 turns).

15 the Ducker (Merfolk Transmuter)                  Turns: 7492, Time: 00:25:54

Health: 0/66       AC:  5    Str: 16    XL:     9   Next: 19%
Magic:  16/16      EV: 15    Int: 12    God:    Makhleb [*.....]
Gold:   143        SH:  0    Dex: 15    Spells: 5/18 levels left

rFire    . . .     SeeInvis .     - Unarmed
rCold    + . .     Gourm    .   (no shield)
rNeg     . . .     Faith    .   t - +2 robe {rC+}
rPois    .         Spirit   .   (no helmet)
rElec    .         Reflect  .   (no cloak)
rCorr    .         Harm     .   (no gloves)
MR       .....                  c - +0 pair of boots
Stlth    ++........             (no amulet)
HPRegen  0.21/turn              f - +3 ring of strength
MPRegen  0.15/turn              (no ring)

@: lightly drained
A: change form in water, swift swim, stealthy swim
a: Renounce Religion


You were on level 7 of the Dungeon.
You worshipped Makhleb.
Makhleb was aware of your devotion.
You were not hungry.

You visited 2 branches of the dungeon, and saw 8 of its levels.

You collected 224 gold pieces.
You spent 81 gold pieces at shops.

Inventory:

Hand Weapons
 i - a +0 dagger of freezing
Missiles
 a - 153 arrows
Armour
 c - a +0 pair of boots (worn)
 s - a +0 helmet
 t - a +2 robe of cold resistance (worn)
 x - a +1 leather armour of positive energy
Jewellery
 f - a +3 ring of strength (left hand)
Wands
 g - a wand of random effects (2)
 p - a wand of digging (6)
Scrolls
 j - 4 scrolls of remove curse
 k - a scroll of random uselessness {unknown}
 l - 3 scrolls of teleportation
 m - a scroll of enchant armour {unknown}
 n - a scroll of noise {unknown}
 q - a scroll of enchant weapon {unknown}
 r - a scroll of blinking
 u - 2 scrolls of identify
 w - a scroll of fog {unknown}
 y - 3 scrolls of amnesia
 A - a scroll of fear {unknown}
Potions
 b - 2 potions of agility
 e - 3 potions of magic
 h - 4 potions of cancellation
 z - a potion of brilliance
Comestibles
 d - 11 rations
 o - 2 chunks of flesh


   Skills:
 * Level 4.3(3.9) Fighting
 * Level 2.9(2.5) Armour
 * Level 5.8(5.4) Dodging
 + Level 1.7(1.3) Stealth
 + Level 5.5(5.1) Unarmed Combat
 * Level 5.1(4.7) Spellcasting
 + Level 0.2(0.0) Hexes
 * Level 5.8(5.4) Transmutations
 * Level 3.5(3.1) Ice Magic
 + Level 0.3(0.0) Poison Magic
 * Level 1.8(1.4) Invocations
 * Level 2.1(1.6) Evocations


You had 5 spell levels left.
You knew the following spells:

 Your Spells              Type           Power        Failure   Level  Hunger
a - Beastly Appendage     Tmut           ###...       2%          1    None
b - Sticks to Snakes      Tmut           ###.....     3%          2    ##.....
c - Spider Form           Tmut/Pois      #.........   21%         3    ###....
d - Ensorcelled Hibernat  Hex/Ice        #.....       17%         2    ##.....
e - Ice Form              Ice/Tmut       ##......     34%         4    ####...
f - Corona                Hex            #......      21%         1    None

Your spell library contained the following spells:

 Spells                   Type           Power        Failure   Level  Hunger
 Confusing Touch          Hex            #.......     52%         3    ###....
 Dazzling Flash           Conj/Hex       #.....       52%         3    ###....
 Tukima's Dance           Hex            #.......     52%         3    ###....
 Blade Hands              Tmut           ###.......   52%         5    ######.


Dungeon Overview and Level Annotations

Branches:
Dungeon (7/15)             Temple (1/1) D:6

Altars:
Ashenzari
Cheibriados
Dithmenos
Elyvilon
Fedhas
Hepliaklqana
Kikubaaqudgha
Makhleb
Nemelex Xobeh
Okawaru
Qazlal
Ru
Sif Muna
Trog
Uskayaw
Vehumet
Wu Jian
Xom
Yredelemnul
Zin
The Shining One

Shops:
D:5 *


Message History

The ogre seems to speed up.
Unknown command.
You punch the ogre!
The ogre is moderately wounded.
The ogre barely misses you.
You hit the ogre but do no damage.
The ogre is moderately wounded.
The ogre hits you with a +0 giant spiked club.
You completely miss the ogre.
The ogre is moderately wounded.
The ogre hits you with a +0 giant spiked club!
* * * LOW HITPOINT WARNING * * *
You barely miss the ogre.
The ogre is moderately wounded.
The ogre hits you with a +0 giant spiked club!
* * * LOW HITPOINT WARNING * * *
You punch the ogre!
The ogre is heavily wounded.
The ogre hits you with a +0 giant spiked club.
You die...

###..##.## ###....##o.##
###### #.....o.....######
##.##.#### #..##........#.##.
#...#..#.####.#...........o..
#........#.#..#....#....o..#.
##............#..###.......#.
#..........#.....# ##........
##..........@##.## ####....)
#.#...#####O.#..#. ...!..
##...#####..##.... .......
#......##.......... ..##.###
##.##......)##.....# ..
.............#...>.
...............##....
###.###...<.......... ..
##......#.##..#


You could see an ogre.

Vanquished Creatures
  Menkaure (D:7)
  Duvessa (D:5)
  A sky beast (D:6)
  2 centaurs (D:6)
  2 ogres
  Blork the orc (D:5)
  A crocodile (D:6)
  3 bullfrogs (D:6)
  Dowan (D:5)
  A scorpion (D:6)
  A wight (D:6)
  A howler monkey (D:5)
  A crimson imp (D:6)
  2 hounds
  An orc priest (D:5)
  3 orc wizards
  Ijyb (D:5)
  3 iguanas
  7 worker ants
  A hound zombie (D:6)
  7 adders
  6 oozes
  An adder zombie (D:3)
  An adder skeleton (D:6)
  2 worms
  A dart slug (D:1)
  3 leopard geckos
  14 orcs
  13 bats
  5 giant cockroaches
  10 goblins
  12 hobgoblins
  8 jackals
  8 frilled lizards
  7 kobolds
  A quokka skeleton (D:6)
  A quokka zombie (D:5)
  3 rats
138 creatures vanquished.

Vanquished Creatures (collateral kills)
  Prince Ribbit (D:5)
  A worm (D:2)
  An orc (D:6)
3 creatures vanquished.

Grand Total: 141 creatures vanquished

Notes
Turn   | Place    | Note
-------+----------+-------------------------------------------
     0 | D:1      | 15 the Merfolk Transmuter began the quest for the Orb.
     0 | D:1      | Reached XP level 1. HP: 15/15 MP: 3/3
   216 | D:1      | Reached XP level 2. HP: 13/21 MP: 3/5
   423 | D:1      | Reached XP level 3. HP: 7/26 MP: 4/6
   429 | D:1      | Learned a level 2 spell: Sticks to Snakes
   662 | D:1      | Learned a level 3 spell: Spider Form
   859 | D:1      | Reached skill level 1 in Armour
  1105 | D:2      | Reached XP level 4. HP: 17/32 MP: 5/7
  2565 | D:3      | Learned a level 2 spell: Ensorcelled Hibernation
  2921 | D:3      | Reached XP level 5. HP: 36/38 MP: 7/9
  3074 | D:3      | Found a snail-covered altar of Cheibriados.
  3107 | D:3      | Found a shadowy altar of Dithmenos.
  3118 | D:3      | Reached skill level 1 in Ice Magic
  3274 | D:3      | Reached XP level 6. HP: 29/44 MP: 7/10
  3678 | D:4      | Found a glowing silver altar of Zin.
  3681 | D:4      | Found a shattered altar of Ashenzari.
  3684 | D:4      | Found a basalt altar of Yredelemnul.
  4362 | D:4      | Reached skill level 1 in Stealth
  4416 | D:4      | Reached XP level 7. HP: 51/51 MP: 10/12
  4633 | D:5      | Entered Level 5 of the Dungeon
  4633 | D:5      | Found Nufin's Assorted Antiques.
  4645 | D:5      | Bought a scroll of teleportation for 81 gold pieces
  4960 | D:5      | Learned a level 4 spell: Ice Form
  5191 | D:5      | Noticed Blork the orc
  5200 | D:5      | Killed Blork the orc
  5210 | D:5      | Noticed Duvessa
  5216 | D:5      | Noticed Dowan
  5230 | D:5      | Killed Duvessa
  5240 | D:5      | Killed Dowan
  5240 | D:5      | Reached skill level 5 in Unarmed Combat
  5362 | D:5      | Noticed Ijyb
  5374 | D:5      | Killed Ijyb
  5403 | D:5      | Found an iron altar of Okawaru.
  5479 | D:5      | Reached XP level 8. HP: 58/58 MP: 14/14
  5491 | D:5      | Noticed Prince Ribbit
  5506 | D:5      | Killed Prince Ribbit
  5539 | D:5      | Found a burning altar of Makhleb.
  5544 | D:5      | Became a worshipper of Makhleb the Destroyer
  5814 | D:6      | Found a hide-covered altar of Uskayaw.
  5914 | D:6      | Reached skill level 5 in Transmutations
  5931 | D:6      | Found a staircase to the Ecumenical Temple.
  5940 | Temple   | Entered the Ecumenical Temple
  6168 | D:6      | Reached skill level 1 in Invocations
  6168 | D:6      | Reached skill level 1 in Evocations
  6218 | D:6      | Reached skill level 5 in Dodging
  6231 | D:6      | Learned a level 1 spell: Corona
  6244 | D:6      | Found a blossoming altar of Fedhas.
  6245 | D:6      | Found a glowing golden altar of the Shining One.
  6246 | D:6      | Found a hazy altar of Hepliaklqana.
  6960 | D:6      | Reached skill level 5 in Spellcasting
  6963 | D:6      | Reached * piety under Makhleb
  7142 | D:7      | Noticed Menkaure
  7151 | D:7      | Killed Menkaure
  7151 | D:7      | Reached XP level 9. HP: 65/65 MP: 16/16
  7492 | D:7      | Slain by an ogre

Levels and vault maps discovered:
D:1:      ebering_trefoil_3fold, layout_basic
D:2:      layout_basic, grunt_ministairs_8, grunt_decor_clamped
D:3:      layout_loops_ring, lemuel_round_altar, lemuel_crystal_altar
D:4:      layout_cave_pools, minmay_overflow_temple_star_quad, first_ration,
          patterned_corridor
D:5:      layout_basic, lightli_temple_of_fire, lemuel_crystal_altar,
          serial_shops, shop, uniq_ijyb, uniq_blork_the_orc,
          uniq_prince_ribbit1, uniq_duvessa
D:6:      layout_basic, minitemple, temple_statues, basic_altar,
          minmay_chambers_of_fives
D:7:      layout_cave_pools, grunt_gozag_statues, uniq_menkaure
Temple:   dpeg_chambers_temple

Skill      XL: |  1  2  3  4  5  6  7  8 |
---------------+-------------------------+-----
Dodging        | 3 4 5 |  5.8
Armour         | 1 2 |  2.9
Transmutations | 3 4 5 |  5.8
Unarmed Combat | 4 5 |  5.5
Spellcasting   | 3 4 5 |  5.1
Ice Magic      | 1 2 3 |  3.5
Fighting       | 2 3 4 |  4.3
Stealth        | 1 |  1.7
Invocations    | 1 |  1.8
Evocations     | 2 |  2.1
Hexes          | |  0.2
Poison Magic   | |  0.3

Action                   |  1- 3 |  4- 6 |  7- 9 || total
-------------------------+-------+-------+-------++-------
Melee: Unarmed           |   140 |   234 |   208 ||   582
       Headbutt          |    12 |    25 |    17 ||    54
       Punch             |     2 |     1 |     3 ||     6
       Tailslap          |     2 |       |       ||     2
 Cast: Beastly Appendage |    13 |    26 |    16 ||    55
       Ensorcelled Hiber |       |     3 |       ||     3
       Sticks to Snakes  |       |     4 |    14 ||    18
       Spider Form       |       |     2 |     1 ||     3
       Ice Form          |       |       |     4 ||     4
       Corona            |       |       |     1 ||     1
Evoke: Wand              |       |       |    20 ||    20
  Use: Scroll            |     2 |     4 |     4 ||    10
       Potion            |     1 |     2 |     2 ||     5
 Stab: Sleeping          |     1 |     2 |       ||     3
  Eat: Chunk             |       |    13 |     9 ||    22
       Ration            |       |       |     1 ||     1
Armor: Robe              |    31 |    28 |    29 ||    88
       Skin              |       |       |     3 ||     3
Dodge: Dodged            |   110 |   186 |   160 ||   456

Table legend:
 A = Non-vault XP
 B = Vault XP
 C = Vault XP percentage of total XP
 D = Non-vault monster count
 E = Vault monster count
 F = Vault count percentage of total count
                 A         B        C        D         E       F
            +---------+---------+-------+---------+---------+-------
      Total |    1935 |     858 |  30.7 |     129 |      12 |   8.5
            +---------+---------+-------+---------+---------+-------
        D:1 |      77 |       0 |   0.0 |      31 |       0 |   0.0
        D:2 |      43 |       7 |  14.0 |      21 |       2 |   8.7
        D:3 |     203 |       0 |   0.0 |      27 |       0 |   0.0
        D:4 |     292 |       0 |   0.0 |      11 |       0 |   0.0
        D:5 |     294 |     501 |  63.0 |      13 |       5 |  27.8
        D:6 |     980 |     181 |  15.6 |      24 |       4 |  14.3
        D:7 |      46 |     169 |  78.6 |       2 |       1 |  33.3
            +---------+---------+-------+---------+---------+-------
